 Dungeon Crawl Stone Soup version 0.30-a0-743-gbfdf073431 (webtiles) character file.

Game seed: 12924593940636219296

3145 Monkooky the Fighter (level 9, 0/47 HPs)
             Began as a Felid Berserker on Feb 5, 2023.
             Was an Elder of Trog.
             Slain by a wyvern (9 damage)
             ... on level 8 of the Dungeon.
             The game lasted 00:16:58 (7810 turns).

Monkooky the Fighter (Felid Berserker)              Turns: 7810, Time: 00:16:59

Health: 0/47       AC:  6    Str: 15    XL:     9   Next: 62%
Magic:  10/10      EV: 23    Int:  8    God:    Trog [****..]
Gold:   415        SH:  0    Dex: 18    Spells: 8/8 levels left
                                        Lives:  0   Deaths: 2

rFire   . . .      SeeInvis +      - Unarmed
rCold   . . .      Faith    .    (shield unavailable)
rNeg    . . .      Spirit   .    (body armour unavailable)
rPois   .          Reflect  .    (helmet unavailable)
rElec   .          Harm     .    (cloak unavailable)
rCorr   .          Rampage  .    (gloves unavailable)
Will    +++..                    (boots unavailable)
Stlth   +++                      (no amulet)
HPRegen 1.27/turn                E - +4 ring of protection
MPRegen 0.12/turn                y - ring of flight

@: strong-willed, flying, regenerating, studying Fighting, quick
A: very small, claws 1, fangs 3, see invisible, speed 1, shaggy fur 2, stealthy
paws, no weapons or thrown items, no armour, multi-lived
a: Renounce Religion, Berserk, Trog's Hand, Brothers in Arms


You were on level 8 of the Dungeon.
You worshipped Trog.
Trog was greatly pleased with you.
You visited 1 branch of the dungeon, and saw 8 of its levels.

You collected 427 gold pieces.
You spent 12 gold pieces at shops.

Inventory:

Jewellery
 i - a +6 ring of dexterity
 o - a ring of magical power
 r - a ring of fire
 s - a ring of resist corrosion
 t - a +6 ring of strength
 y - a ring of flight (right paw)
 E - a +4 ring of protection (left paw)
Wands
 b - a wand of acid (9)
 h - a wand of flame (35)
 j - a wand of paralysis (7)
 l - a wand of roots (6)
Scrolls
 a - a scroll of fear
 d - a scroll of enchant weapon
 g - a scroll of amnesia
 k - 2 scrolls of magic mapping
 m - a scroll of vulnerability
 n - a scroll of torment
 p - 2 scrolls of enchant armour
 A - a scroll of silence {unknown}
 C - 3 scrolls of teleportation {unknown}
 F - a scroll of immolation {unknown}
Potions
 c - a potion of degeneration {unknown}
 e - 3 potions of curing
 f - 2 potions of ambrosia {unknown}
 q - 3 potions of heal wounds
 u - a potion of resistance {unknown}
 v - 2 potions of attraction {unknown}
 x - a potion of flight {unknown}
 z - a potion of invisibility {unknown}
 B - 3 potions of haste {unknown}
 D - 2 potions of magic {unknown}


   Skills:
 + Level 10.7 Fighting
 - Level 9.1 Dodging
 - Level 6.1 Stealth
 - Level 9.7 Unarmed Combat
 - Level 4.3 Evocations


You had 8 spell levels left.
You didn't know any spells.
Your spell library was empty.

Dungeon Overview and Level Annotations

Branches:
Dungeon (8/15)             Temple (0/1) D:7            Lair (0/5) D:8

Altars:
Elyvilon
Makhleb
Nemelex Xobeh
Wu Jian
Yredelemnul
The Shining One

Shops:
D:6 [   D:7 *

Portals:
Abyss: D:7

Annotations:
D:6 exclusion: downstairs
D:7 2 transporters, bande's ghost, novice GrFi
D:8 Joseph


Innate Abilities, Weirdness & Mutations

You have sharp claws.
You have razor-sharp teeth.
You have supernaturally acute eyesight. (SInv)
You cover ground quickly. (Speed+)
You are covered in thick fur. (AC +2)
Your paws help you pounce on unaware monsters.
You are incapable of wielding weapons or throwing items.
You cannot wear armour.
You gain extra lives every three experience levels.


Message History

You resist with almost no effort.
Okay, then.
You're wearing all the rings you can.
Remove which one? (? for menu, Esc to cancel) < or
E - a +4 ring of protection; > or
i - a +6 ring of dexterity You remove your +6 ring of dexterity.
You feel clumsy.
You fly up into the air.
y - a ring of flight (right paw)
A wyvern comes into view.
A kobold brigand comes into view.
It is wielding a +0 club and quivering poisoned darts.
The wyvern hisses angrily.
The basilisk gazes at you.
You are slowing down.
Okay, then.
As you read the scroll labelled OTUEDO CEHATZ, it crumbles to dust.
You feel aware of your surroundings.
It was a scroll of magic mapping.
The basilisk gazes at you. You resist with almost no effort.
Your limbs are stiffening.
As you read the scroll labelled DALEIH YPEARU, it crumbles to dust.
It is a scroll of enchant armour.
You aren't carrying any armour which can be enchanted further.
The basilisk gazes at you. You resist with almost no effort.
The wyvern bites you.
You have turned to stone.
The wyvern bites you! x3
The wyvern bites you but does no damage.
The wyvern bites you! The wyvern bites you. x3
The wyvern bites you!
* * * LOW HITPOINT WARNING * * *
The wyvern bites you!
* * * LOW HITPOINT WARNING * * *
The wyvern barely misses you. The wyvern bites you.
* * * LOW HITPOINT WARNING * * *
You turn to flesh and can move again.
Unknown command.
Your skin crawls.
You feel strong-willed. The wyvern bites you!
You die...

******,...............#.#...##...
,,,,,,,...............#.#...##...
,,,,,,,......>........#.#...##...
,,~~~,≈≈≈≈≈§......)...#.....##...
,,~,,,...§≈§........#............
,,~,*,###.≈.###.######..##.##....
,,~,*,..#§§§#*#.## ###..#........
..≈@#._.#.≈..*#.l###........##...
..≈.#...#.≈..###@........#####...
..≈.###.#§≈§...........#####.....
..≈......§§§....#....#####...#..#
..≈≈≈≈≈≈≈§≈..#.....)...)........#
.$..................#.#...####...
......##...##.##....#.)..######.#
.........#.##..#[........[)..##.#
.####.####..##...#.#......##.....
**#...# *#.##.....#...##)..###.#


You could see a wyvern.

Vanquished Creatures
  An unseen horror zombie (D:8)
  Prince Ribbit (D:5)
  A wyvern (D:5)
  2 steam dragons
  2 water moccasins
  2 sky beasts
  3 black bears
  2 orc warriors (D:8)
  3 ice beasts
  3 ogres
  A phantom (D:5)
  2 kobold brigands (D:7)
  2 bullfrogs
  A wyvern zombie (D:8)
  2 gnoll sergeants
  2 scorpions
  3 wights
  5 killer bees (D:8)
  2 howler monkeys (D:8)
  3 centaur zombies (D:8)
  6 jellies
  A gnoll bouda (D:5)
  4 hounds
  An orc priest (D:7)
  2 orc wizards
  3 iguanas
  Natasha (thrice) (D:2)
  3 killer bee zombies (D:8)
  23 gnolls
  6 adders
  2 white imps (D:6)
  2 ufetubi
  4 worms
  2 dart slugs (D:2)
  6 orcs
  8 endoplasms
  2 giant cockroaches (D:1)
  4 goblins
  7 hobgoblins
  6 quokkas
  7 ball pythons
  4 bats
  4 frilled lizards
  17 kobolds
  8 rats
178 creatures vanquished.

Vanquished Creatures (others)
  A gnoll (D:6)
  3 bushes (D:8)
  8 fungi
  18 plants (D:8)
30 creatures vanquished.

Grand Total: 208 creatures vanquished

Notes
Turn   | Place    | Note
-------+----------+-------------------------------------------
     0 | D:1      | Monkooky the Felid Berserker began the quest for the Orb.
     0 | D:1      | Reached XP level 1. HP: 10/10 MP: 2/2
   309 | D:1      | Reached XP level 2. HP: 14/14 MP: 3/3
   939 | D:2      | Reached XP level 3. HP: 15/17 MP: 4/4
   999 | D:2      | Found a sparkling altar of Nemelex Xobeh.
  1093 | D:2      | Noticed Natasha
  1100 | D:2      | Killed Natasha
  1100 | D:2      | HP: 1/25 [ball python (2)]
  1101 | D:2      | Reached skill level 5 in Dodging
  1295 | D:2      | Reached XP level 4. HP: 21/21 MP: 5/5
  1381 | D:2      | Noticed Natasha
  1412 | D:2      | Killed Natasha
  1498 | D:2      | Noticed Natasha
  1512 | D:2      | Killed Natasha
  1616 | D:3      | Reached ** piety under Trog
  1788 | D:3      | Reached XP level 5. HP: 24/24 MP: 6/6
  2512 | D:4      | Gained mutation: You are covered in thick fur. (AC +2)
                  | [Felid growth]
  2512 | D:4      | Reached XP level 6. HP: 23/28 MP: 7/7
  2552 | D:4      | Found a white marble altar of Elyvilon.
  2629 | D:4      | Reached skill level 5 in Unarmed Combat
  2708 | D:4      | Reached skill level 4 in Fighting
  2912 | D:4      | Reached XP level 7. HP: 33/33 MP: 8/8
  3178 | D:5      | Entered Level 5 of the Dungeon
  3320 | D:4      | Reached *** piety under Trog
  3434 | D:5      | Found a glowing golden altar of the Shining One.
  3582 | D:5      | Reached skill level 5 in Stealth
  3748 | D:5      | Noticed Prince Ribbit
  3803 | D:5      | Reached XP level 8. HP: 36/36 MP: 9/9
  4021 | D:5      | Slain by a wyvern
  4022 | D:5      | Reached XP level 7. HP: -2/33 MP: 8/8
  4139 | D:5      | Killed a wyvern
  4270 | D:5      | Killed Prince Ribbit
  4330 | D:6      | Found Beng's Armour Boutique.
  4515 | D:6      | Reached XP level 8. HP: 36/36 MP: 9/9
  5523 | D:6      | HP: 1/36 [poisoned by a gnoll sergeant]
  5524 | D:6      | Succumbed to a gnoll sergeant's poison
  5525 | D:6      | Reached XP level 7. HP: 0/33 MP: 8/8
  5840 | D:6      | Killed a steam dragon
  5984 | D:7      | Reached skill level 1 in Evocations
  5984 | D:7      | Reached XP level 8. HP: 27/36 MP: 9/9
  6089 | D:7      | Found Liulorust's General Store.
  6279 | D:7      | Found a transporter.
  6301 | D:7      | Found the +8 demon trident "Rift" {distort, reach+}
  6318 | D:7      | Noticed a green ugly thing
  6323 | D:7      | Found a one-way gate to the infinite horrors of the Abyss.
  6323 | D:7      | Noticed a small abomination
  6326 | D:7      | Found a transporter.
  6332 | D:7      | Noticed bande's ghost (novice GrFi)
  6375 | D:7      | Found a staircase to the Ecumenical Temple.
  6657 | D:7      | Bought a scroll of noise for 12 gold pieces
  6681 | D:7      | Identified a scroll of acquirement
  6682 | D:7      | Acquired a manual of Fighting
  6698 | D:7      | Reached skill level 5 in Fighting
  6701 | D:7      | Reached **** piety under Trog
  6989 | D:8      | Reached skill level 6 in Fighting
  6989 | D:8      | Found a basalt altar of Yredelemnul.
  7020 | D:8      | Reached skill level 7 in Fighting
  7020 | D:8      | Reached XP level 9. HP: 35/44 MP: 10/10
  7025 | D:8      | Reached skill level 8 in Fighting
  7084 | D:8      | Found an ornate altar of the Wu Jian Council.
  7129 | D:8      | Reached skill level 9 in Fighting
  7354 | D:8      | Found a burning altar of Makhleb.
  7354 | D:8      | Noticed Joseph
  7403 | D:8      | Reached skill level 10 in Fighting
  7810 | D:8      | Slain by a wyvern

Illustrated notes

Levels and vault maps discovered:
D:1:      nzn_arrival_water_spiral, layout_basic, grunt_decor_mini_mirrors,
          minmay_hedge_maze
D:2:      layout_rooms, basic_altar, kennysheep_boxes, uniq_natasha
D:3:      layout_loops_cross, dreamdust_princess_bridge
D:4:      kennysheep_spiral_hall, layout_loops_ring,
          mainiacjoe_overflow_six_doors_small
D:5:      layout_loops_cross, nicolae_tso_swordbearing_angel,
          roderic_filled_cross, uniq_prince_ribbit1
D:6:      layout_basic, serial_shops, nicolae_shop_hallway_plus,
          kennysheep_generic_room_12
D:7:      layout_cave_pools, minmay_temple_entry_statues,
          gammafunk_ghost_abyssal_escape, serial_shops, kennysheep_little_box,
          dreamdust_gnoll_farm
D:8:      layout_rooms, nicolae_yredelemnul_corpse_copse,
          nicolae_wu_jian_wuxing_cycle, mainiacjoe_overflow_brackets,
          minmay_lair_entry_grove, uniq_joseph

Skill      XL: |  1  2  3  4  5  6  7  8  9 |
---------------+----------------------------+-----
Unarmed Combat | 4 5 7 9 |  9.7
Dodging        | 5 6 7 8 9 |  9.1
Fighting       | 4 7 10 | 10.7
Stealth        | 6 |  6.1
Evocations     | 1 4 |  4.3

Action                     |  1- 3 |  4- 6 |  7- 9 || total
---------------------------+-------+-------+-------++-------
  Melee: Unarmed           |    85 |   125 |   317 ||   527
         Bite              |     4 |    13 |    45 ||    62
         Punch             |     3 |     1 |    27 ||    31
 Invoke: Berserk           |     3 |     1 |     7 ||    11
         Trog's Hand       |       |       |     2 ||     2
  Evoke: Wand              |       |     1 |    14 ||    15
    Use: Scroll            |       |       |    12 ||    12
   Stab: Sleeping          |     5 |     4 |    13 ||    22
         Distracted        |       |       |     2 ||     2
 Armour: Skin              |     2 |     3 |    16 ||    21
  Dodge: Dodged            |    59 |    92 |   263 ||   414

Table legend: (Time is in decaauts)
 A = Elapsed time spent in this place.
 B = Non-inter-level travel time spent in this place.
 C = Inter-level travel time spent in this place.
 D = Time resting spent in this place.
 E = Time spent auto-exploring this place.
 F = Levels seen in this place.
 G = Mean time per level.
                   A        B        C        D        E       F      G
               +--------+--------+--------+--------+--------+-----+--------+
         Total |   6884 |   6663 |    221 |   1208 |   4028 |   8 |  860.5 |
       Dungeon |   6884 |   6663 |    221 |   1208 |   4028 |   8 |  860.5 |
               +--------+--------+--------+--------+--------+-----+--------+

Top non-repeatable levels by time:
     D:6: 1501 daAuts
     D:5: 981 daAuts
     D:7: 918 daAuts
     D:4: 827 daAuts
     D:1: 814 daAuts
     D:2: 641 daAuts
     D:3: 615 daAuts
     D:8: 583 daAuts
